 Dungeon Crawl Stone Soup version 0.30-a0-696-g2367cd04db (webtiles) character file.

Game seed: 12548167250257852484

305 testman the Trooper (level 6, 0/47 HPs)
             Began as a Djinni Warper on Jan 20, 2023.
             Was a High Priest of Ignis.
             Slain by a gnoll bouda
             ... wielding a +0 club
              (8 damage)
             ... on level 3 of the Dungeon.
             The game lasted 00:13:01 (2752 turns).

testman the Trooper (Djinni Warper)                 Turns: 2752, Time: 00:13:02

Health: 0/47       AC:  3    Str: 10    XL:     6   Next: 66%
Gold:   119        EV: 11    Int: 16    God:    Ignis [*****.] SH:  0 Dex: 13

rFire   + + +      SeeInvis .    a - +0 falchion
rCold   . . .      Faith    .    (no shield)
rNeg    . . .      Spirit   .    m - +0 leather armour {rC+}
rPois   ∞          Reflect  .    (no helmet)
rElec   .          Harm     .    (no cloak)
rCorr   .          Rampage  .    (no gloves)
Will    .....                    (boots unavailable)
Stlth   +                        (no amulet)
HPRegen 0.27/turn                (no ring)
MPRegen 0.00/turn                (no ring)

@: weakened, flying
A: sickness immunity, fire resistance 2, cold vulnerability 1, float, innate
caster, HP casting, extra vitality 1
a: Renounce Religion, Fiery Armour, Foxfire Swarm, Rising Flame


You were on level 3 of the Dungeon.
You worshipped Ignis.
Ignis was extremely pleased with you.
You visited 1 branch of the dungeon, and saw 4 of its levels.

You collected 119 gold pieces.

Inventory:

Hand Weapons
 a - a +0 falchion (weapon)
 t - a +2 dagger of speed
Missiles
 d - 7 boomerangs of dispersal
 e - 7 poisoned darts
 h - 2 silver javelins
 k - 2 javelins
 x - a throwing net
Armour
 m - a +0 leather armour of cold resistance (worn)
Scrolls
 b - a scroll of teleportation {unknown}
 c - 2 scrolls of blinking
 n - a scroll of torment {unknown}
 o - a scroll of enchant weapon {unknown}
 p - 2 scrolls of enchant armour {unknown}
 q - a scroll of vulnerability {unknown}
 u - a scroll of identify {unknown}
 v - a scroll of brand weapon {unknown}
 w - a scroll of acquirement {unknown}
Potions
 f - a potion of curing
 g - 2 potions of heal wounds {unknown}
 i - a potion of brilliance {unknown}
 j - 2 potions of haste {unknown}
 l - 2 potions of magic {unknown}
 r - 2 potions of lignification {unknown}
 s - 2 potions of berserk rage {unknown}


   Skills:
 + Level 4.0 Fighting
 + Level 3.6 Long Blades
 - Level 0.7 Throwing
 - Level 1.0 Armour
 - Level 2.1 Dodging
 + Level 3.6 Spellcasting


You couldn't memorise any spells.
You knew the following spells:

 Your Spells              Type           Power      Damage    Failure   Level
a - Blink                 Tloc           28%        N/A       8%          2
b - Lesser Beckoning      Tloc           28%        N/A       8%          2
c - Vhi's Electric Charg  Tloc/Air       28%        N/A       16%         3
d - Teleport Other        Tloc           14%        N/A       16%         3
e - Manifold Assault      Tloc           14%        N/A       45%         4
f - Sting                 Tmut/Pois      56%        1d5       5%          1
g - Static Discharge      Conj/Air       28%        2-4/arc   8%          2
Your spell library was empty.

Dungeon Overview and Level Annotations

Branches:
Dungeon (4/15)
 Temple: D:4-7

Altars:
Fedhas
Uskayaw
Wu Jian
Ignis

Annotations:
D:4 Dowan, Duvessa


Innate Abilities, Weirdness & Mutations

You are immune to sickness and miasma.
You are immune to poison.
Your flesh is very heat resistant. (rF++)
You are vulnerable to cold. (rC-)
You float through the air rather than walking.
You learn spells naturally, not from books.
Your magical power is your life essence.
You have superior vitality. (+4 MHP)


Message History

The gnoll bouda barks out a call to the hunt!
There is a stone staircase leading up here.
You fly upwards.
There is a stone staircase leading down here.
You start resting.
HP restored.
You fly downwards.
Level annotation: Dowan, Duvessa
There is a stone staircase leading up here.
The gnoll bouda barks out a call to the hunt!
A gnoll comes into view. It is wielding a +0 spear.
Aiming: Sting (safe; 5% risk of failure)
Press: ? - help, Q - select action, (/) - cycle Shift-Dir - straight line, f - gnoll bouda
Aim: a gnoll bouda, wielding a +0 club and wearing a +0 leather armour (75% to hit)
The sting hits the gnoll bouda.
The gnoll bouda is poisoned.
The gnoll bouda is lightly wounded.
You closely miss the gnoll bouda.
The gnoll bouda is moderately wounded.
The gnoll bouda hits you with a +0 club.
A gnoll comes into view. It is wielding a +0 flail.
The gnoll bouda hits you with a +0 club!
The gnoll shouts!
You hit the gnoll bouda.
The gnoll bouda is heavily wounded.
You hear a shout!
The gnoll bouda hits you with a +0 club!
The gnoll hits you from afar with a +0 spear!
The gnoll bouda gazes fiercely through you!
You feel your attacks grow feeble.
There is a stone staircase leading up here.
The gnoll hits you from afar with a +0 spear.
The gnoll bouda hits you with a +0 club!
* * * LOW HITPOINT WARNING * * *
You fly upwards.
There is a stone staircase leading down here.
You hit the gnoll bouda but do no damage.
The gnoll bouda is severely wounded.
The gnoll bouda looks more healthy.
The gnoll bouda hits you with a +0 club!
You die...

######..# #....# #...#..
#.######....# ##...##.
#.###.......# #...##..
###.##..##....#
##...##.#
###......########
#...###.#
##)...######.....#
##...# #.. #..##.#
#.....# ##...## #..
#.###.# ##.....# ##...##
#.. #.# #.# #..>.g@#
##...## #..
..###.#####......#
##...## #..
.###..##.........#
#...## #..
.###.###.###.....###...#
#..
.#...............##...##
#..
....###..........##...#
#.. .####
#...##....##...## #..
...####.......#.##...#
###
................##...#


You could see a gnoll bouda.

Vanquished Creatures
  Sigmund (D:2)
  An orc priest (D:4)
  A gnoll (D:4)
  4 adders
  A worm (D:2)
  A dart slug (D:4)
  6 orcs
  5 bats
  7 endoplasms
  2 giant cockroaches
  3 hobgoblins
  8 kobolds
  A quokka (D:2)
  5 ball pythons
  4 frilled lizards
  5 goblins
  5 rats
60 creatures vanquished.

Notes
Turn   | Place    | Note
-------+----------+-------------------------------------------
     0 | D:1      | testman the Djinni Warper began the quest for the Orb.
     0 | D:1      | testman set off with the following spells memorised: Blink,
                  | Lesser Beckoning, Vhi's Electric Charge, Teleport Other,
                  | Manifold Assault.
     0 | D:1      | Reached XP level 1. HP: 18/18 MP: 0/0
   157 | D:1      | Reached XP level 2. HP: 23/23 MP: 0/0
   265 | D:1      | Found a faded altar of an unknown god.
   271 | D:1      | Prayed at the altar of an unknown god.
   271 | D:1      | Became a worshipper of Ignis, the Dying Flame
   403 | D:1      | Reached XP level 3. HP: 26/29 MP: 0/0
   403 | D:1      | Learned a level 1 spell: Sting
   981 | D:2      | Noticed Sigmund
  1115 | D:2      | Killed Sigmund
  1116 | D:2      | Reached skill level 3 in Fighting
  1116 | D:2      | Reached XP level 4. HP: 10/37 MP: 0/0
  1116 | D:2      | Reached XP level 5. HP: 12/41 MP: 0/0
  1116 | D:2      | Learned a level 2 spell: Static Discharge
  1116 | D:2      | Reached XP level 6. HP: 13/47 MP: 0/0
  1954 | D:3      | Found a hide-covered altar of Uskayaw.
  2017 | D:3      | Found a blossoming altar of Fedhas.
  2047 | D:3      | Found an ornate altar of the Wu Jian Council.
  2471 | D:4      | Noticed Dowan
  2475 | D:4      | Noticed Duvessa
  2477 | D:4      | Reached skill level 4 in Fighting
  2490 | D:4      | HP: 2/47 [something (1)]
  2752 | D:3      | Slain by a gnoll bouda

Illustrated notes

Levels and vault maps discovered:
D:1:      shiori_arrival_elements, layout_basic, shapermc_ecumenical_altar_venn
D:2:      layout_loops_ring, kennysheep_cross_bottleneck,
          minmay_large_rounded_square, uniq_sigmund
D:3:      layout_rooms, nicolae_wu_jian_immortal_techniques,
          nicolae_uskayaw_dance_hall, general_overflow_altar, serial_curves,
          eino_curves_01, eino_curves_03, eino_curves_04, eino_curves_01
D:4:      layout_cave_pools, marbit_many_paths, minmay_misc_feat_secret_circle,
          nicolae_concentric_dashed_squares_wild, uniq_crazy_yiuf_cottage,
          uniq_menkaure, uniq_duvessa

Skill      XL: |  1  2  3  4  5  6 |
---------------+-------------------+-----
Long Blades    | 2 3 |  3.6
Fighting       | 3 4 |  4.0
Spellcasting   | 3 |  3.6
Throwing       | |  0.7
Armour         | |  1.0
Dodging        | |  2.1

Action                   |  1- 3 |  4- 6 || total
-------------------------+-------+-------++-------
Melee: Falchion          |    76 |    66 ||   142
       Punch             |     2 |       ||     2
Throw: Dart              |     1 |     1 ||     2
 Cast: Sting             |    15 |    28 ||    43
       Static Discharge  |       |     3 ||     3
       Blink             |       |     1 ||     1
  Use: Potion            |       |     1 ||     1
 Stab: Sleeping          |     1 |       ||     1
Armor: Leather armour    |    36 |    14 ||    50
Dodge: Dodged            |    53 |    36 ||    89

Table legend: (Time is in decaauts)
 A = Elapsed time spent in this place.
 B = Non-inter-level travel time spent in this place.
 C = Inter-level travel time spent in this place.
 D = Time resting spent in this place.
 E = Time spent auto-exploring this place.
 F = Levels seen in this place.
 G = Mean time per level.
                   A        B        C        D        E       F      G
               +--------+--------+--------+--------+--------+-----+--------+
         Total |   2778 |   2684 |     94 |    539 |   1556 |   4 |  694.5 |
       Dungeon |   2778 |   2684 |     94 |    539 |   1556 |   4 |  694.5 |
               +--------+--------+--------+--------+--------+-----+--------+

Top non-repeatable levels by time:
     D:2: 1033 daAuts
     D:3: 908 daAuts
     D:1: 692 daAuts
     D:4: 144 daAuts
